 Dungeon Crawl Stone Soup version 0.30.1 (webtiles) character file.

Game seed: 17738298309000623876

110 AIAndy the Shooter (level 4, 0/34 HPs)
             Began as a Barachi Hunter on July 4, 2023.
             Slain by Sigmund
             ... wielding a +0 scythe
              (9 damage)
             ... on level 3 of the Dungeon.
             The game lasted 00:03:34 (1783 turns).

AIAndy the Shooter (Barachi Hunter)                 Turns: 1783, Time: 00:03:35

Health: 0/34       AC:  6    Str: 12    XL:     4   Next: 91%
Magic:  4/4        EV:  9    Int: 10    God:
Gold:   48         SH:  0    Dex: 17    Spells: 3/3 levels left

rFire   . . .        a - +0 shortbow
rCold   . . .        (shield currently unavailable)
rNeg    . . .        n - +0 scale mail
rPois   .            (no helmet)
rElec   .            (no cloak)
rCorr   .            (no gloves)
SInv    .            (no boots)
Will    .....        (no amulet) Stlth
                     (no ring)
HPRegen 0.25/turn    (no ring)
MPRegen 0.09/turn

%: no passive effects
@: confused, slow
A: amphibious, slowness 1, strong legs 1, +LOS
a: Hop


You were on level 3 of the Dungeon.
You visited 1 branch of the dungeon, and saw 3 of its levels.

You collected 48 gold pieces.

Inventory:

Hand Weapons
 a - a +0 shortbow (weapon)
Armour
 c - a +0 leather armour
 n - a +0 scale mail (worn)
Scrolls
 b - a scroll of immolation
 e - a scroll of magic mapping {unknown}
 f - a scroll of noise {unknown}
 g - 3 scrolls of teleportation {unknown}
 i - a scroll of enchant armour {unknown}
 k - a scroll of amnesia {unknown}
Potions
 d - a potion of magic {unknown}
 h - a potion of curing
 j - a potion of degeneration {unknown}
 l - a potion of heal wounds {unknown}
 m - 2 potions of invisibility {unknown}


   Skills:
 - Level 2.4 Fighting
 + Level 6.1 Ranged Weapons
 - Level 2.1 Dodging
 - Level 0.8 Stealth


You had 3 spell levels left.
You didn't know any spells.
Your spell library was empty.

Dungeon Overview and Level Annotations

Branches:
Dungeon (3/15)

Altars:

Annotations:
D:3 1 transporter, Sigmund


Innate Abilities, Weirdness & Mutations

You are amphibious.
You cover ground slowly.
You can hop short distances.
You have an extended range of vision and can be seen from far away.


Message History

Unknown command.
You shoot an arrow. The arrow hits Sigmund!
Sigmund is moderately wounded.
Sigmund points at you and mumbles some strange words.
The magic dart hits you. Sigmund casts a spell at you.
You are confused.
You are too confused!
Found an arbalest.
Sigmund gestures at you while chanting. You resist with some effort.
An orc comes into view. It is wielding a +0 mace.
You bump into the rock wall.
The orc shouts!
You're too confused to move!
Found a robe.
You feel less confused.
Sigmund hits you from afar with a +0 scythe!
You shoot an arrow. The arrow hits Sigmund!
Sigmund is severely wounded.
Sigmund hits you from afar with a +0 scythe.
You shoot an arrow. The arrow hits Sigmund.
Sigmund is severely wounded.
Sigmund points at you and mumbles some strange words.
You are confused.
Sigmund drinks a potion.
Sigmund is healed!
Sigmund hits you but does no damage.
The orc drinks a potion.
The orc seems to grow stronger.
You're too confused to move!
You're too confused to move!
Sigmund closely misses you.
You bump into the rock wall.
Sigmund gestures at you while chanting. You resist with some effort.
You clumsily bash Sigmund but do no damage.
Sigmund is heavily wounded.
Sigmund hits you with a +0 scythe. Sigmund attacks as you move away!
Sigmund hits you with a +0 scythe!
* * * LOW HITPOINT WARNING * * *
Sigmund hits you from afar with a +0 scythe!
You die...

#[. ... #.#
#.### #.#..
#o#.# #@#.#
.P #.#.#
.$#..####@#.#
)©#©........#
.$#..#.##.###
.P # #.# #.#
#.# #.# #.#
#.#


You could see Sigmund and an orc (strong).

Vanquished Creatures
  An orc wizard (D:3)
  3 adders
  A worm (D:3)
  A dart slug (D:1)
  2 orcs (D:3)
  3 ball pythons
  4 endoplasms
  A giant cockroach (D:1)
  5 goblins
  3 hobgoblins
  4 jackals (D:2)
  3 kobolds
  3 quokkas
  8 bats
  2 frilled lizards (D:2)
  7 rats
51 creatures vanquished.

Notes
Turn   | Place    | Note
-------+----------+-------------------------------------------
     0 | D:1      | AIAndy the Barachi Hunter began the quest for the Orb.
     0 | D:1      | Reached XP level 1. HP: 17/17 MP: 1/1
   227 | D:1      | Reached XP level 2. HP: 23/23 MP: 2/2
   751 | D:2      | Reached skill level 5 in Ranged Weapons
   751 | D:2      | Reached XP level 3. HP: 22/28 MP: 3/3
  1090 | D:2      | Reached XP level 4. HP: 34/34 MP: 4/4
  1687 | D:3      | Reached skill level 6 in Ranged Weapons
  1766 | D:3      | Found a transporter.
  1767 | D:3      | Noticed Sigmund
  1783 | D:3      | Slain by Sigmund

Illustrated notes

Levels and vault maps discovered:
D:1:      dpeg_arrival_fog, layout_loops_corners, corexii_hall_statues_i
D:2:      layout_loops_ring, serial_forest, infiniplex_forest_straight_3,
          infiniplex_forest_clump_curved, infiniplex_forest_lined_corner,
          infiniplex_forest_lined_3_way, infiniplex_forest_corner_2,
          infiniplex_forest_corner_2, infiniplex_forest_lined_3,
          infiniplex_forest_lined_2
D:3:      gammafunk_wand_slinger, layout_basic, grunt_dithmenos_smoke,
          shapermc_ecumenical_altar_rom_forum, uniq_sigmund

Skill      XL: |  1  2  3  4 |
---------------+-------------+-----
Ranged Weapons | 5 6 |  6.1
Fighting       | |  2.4
Dodging        | |  2.1
Stealth        | |  0.8

Action                     |  1- 3 |  4- 6 || total
---------------------------+-------+-------++-------
  Melee: Shortbow          |       |     1 ||     1
   Fire: Shortbow          |    86 |    67 ||   153
    Use: Potion            |     1 |       ||     1
 Armour: Leather armour    |     8 |     9 ||    17
         Scale mail        |       |    15 ||    15
  Dodge: Dodged            |    18 |    32 ||    50
